 Dungeon Crawl Stone Soup version 0.29.0 (webtiles) character file.

Game seed: 1614503812174887311

85 Dorkslayer the Trooper (level 4, -1/35 HPs)
             Began as a Demonspawn Fighter on Sept 15, 2022.
             Killed from afar by Sigmund (4 damage)
             ... with a puff of flame
             ... on level 3 of the Dungeon.
             The game lasted 00:03:59 (2265 turns).

Dorkslayer the Trooper (Demonspawn Fighter)         Turns: 2265, Time: 00:04:00

Health: -1/35      AC: 10    Str: 25    XL:     4   Next: 25%
Magic:  4/4        EV:  8    Int:  9    God:
Gold:   123        SH:  4    Dex: 12    Spells: 3/3 levels left

rFire   . . .      SeeInvis .   i - +0 demon blade
rCold   . . .      Faith    .   c - +0 buckler
rNeg    . . .      Spirit   .   p - +0 chain mail
rPois   .          Reflect  .   g - +0 helmet
rElec   .          Harm     .   (no cloak)
rCorr   .          Rampage  .   (no gloves)
Will    .....                   (no boots)
Stlth   ..........              (no amulet)
HPRegen 0.11/turn               l - +6 ring of strength
MPRegen 0.09/turn               (no ring)

@: mighty
A: demonic guardian 1, condensation shield
a: no special abilities


You were on level 3 of the Dungeon.
You visited 1 branch of the dungeon, and saw 3 of its levels.

You collected 123 gold pieces.

Inventory:

Hand Weapons
 a - a +0 long sword
 i - a +0 demon blade (weapon)
Armour
 c - a +0 buckler (worn)
 g - a +0 helmet (worn)
 p - a +0 chain mail (worn)
Jewellery
 l - a +6 ring of strength (left hand)
Wands
 o - a wand of mindburst (8)
Scrolls
 b - a scroll of identify {unknown}
 f - a scroll of butterflies {unknown}
 j - a scroll of amnesia {unknown}
 k - 2 scrolls of enchant weapon {unknown}
 n - a scroll of fear {unknown}
Potions
 d - a potion of might
 e - 2 potions of heal wounds {unknown}
 h - 3 potions of curing {unknown}
 m - a potion of lignification {unknown}
 q - a potion of resistance {unknown}


   Skills:
 + Level 3.3 Fighting
 + Level 2.7 Long Blades
 + Level 3.1 Armour
 * Level 1.2 Dodging
 + Level 0.1 Stealth
 + Level 3.1 Shields


You had 3 spell levels left.
You didn't know any spells.
Your spell library contained the following spells:

 Spells                   Type           Power      Damage    Failure   Level
 Slow                     Hex            0%         N/A       98%         1
 Blink                    Tloc           0%         N/A       99%         2
 Confusing Touch          Hex            0%         N/A       100%        3
 Ignite Poison            Fire/Tmut/Pois 0%         N/A       100%        3
 Lesser Beckoning         Tloc           0%         N/A       100%        3
 Mephitic Cloud           Conj/Pois/Air  0%         N/A       100%        3
 Vampiric Draining        Necr           0%         2d6       100%        3
 Freezing Cloud           Conj/Ice/Air   0%         6-21      100%        5
 Manifold Assault         Tloc           0%         N/A       100%        5


Dungeon Overview and Level Annotations

Branches:
Dungeon (3/15)

Altars:
Trog

Shops:
D:2 [

Annotations:
D:3 Sigmund


Innate Abilities, Weirdness & Mutations

A weak demonic guardian rushes to your aid.
A meltable shield of frost defends you. (SH +0)


Message History

Something hits you but does no damage.
You're too confused to move!
You hear some strange, mumbled words.
A puff of flame appears from out of thin air!
The puff of flame hits you.
Your condensation shield dissipates!
You miss something. Something hits you but does no damage.
You bump into the rock wall.
Something hits you but does no damage.
You bump into the rock wall.
Something hits you.
A demonic guardian appears!
You completely miss something.
You feel less confused.
You barely miss something. Something hits you.
You closely miss something.
You hear some strange, mumbled words.
A magic dart appears from out of thin air!
The magic dart hits you.
You closely miss something.
You hear some strange, mumbled words.
Something tries to affect you, but you resist.
You miss something.
You hear some strange, mumbled words.
A puff of flame appears from out of thin air!
The puff of flame hits you.
You closely miss something. You block something's attack.
An orc comes into view. It is wielding a +0 whip.
Something hits you but does no damage.
There is a stone staircase leading down, spattered with blood here.
The orc shouts!
Something hits you!
* * * LOW HITPOINT WARNING * * *
A demonic guardian appears!
Something hits you but does no damage.
There is a stone staircase leading down, spattered with blood here.
Your iron imp disappears in a puff of smoke!
You block something's attack.
Okay, then.
You hear some strange, mumbled words.
A puff of flame appears from out of thin air!
The puff of flame hits you.
You die...

##..#.# #.##........
...#.######.##........
#.#.##.)....#........
#.).)[.###..#........
######.#####....#........
#...............#########
#.####.#####.#### ##
#........# ... ####...@.#
.... #...5.# .....
#.{...# ......####.....#
..........o....#
......#####....# .....
#....# #### #....# #....#


You could see an orc and a friendly quasit (summoned).

Vanquished Creatures
  Ijyb (D:3)
  An adder (D:2)
  2 worms (D:2)
  2 orcs (D:3)
  5 ball pythons
  4 bats
  7 endoplasms
  A giant cockroach (D:1)
  6 goblins
  A hobgoblin (D:2)
  3 frilled lizards
  2 kobolds
  3 rats
38 creatures vanquished.

Vanquished Creatures (collateral kills)
  A hobgoblin (D:2)
  A quokka (D:2)
  A frilled lizard (D:2)
3 creatures vanquished.

Grand Total: 41 creatures vanquished

Notes
Turn   | Place    | Note
-------+----------+-------------------------------------------
     0 | D:1      | Dorkslayer the Demonspawn Fighter began the quest for the
                  | Orb.
     0 | D:1      | Reached XP level 1. HP: 18/18 MP: 1/1
    26 | D:1      | Found a faded altar of an unknown god.
   605 | D:1      | Gained mutation: A weak demonic guardian rushes to your
                  | aid. [demonic ancestry]
   605 | D:1      | Reached XP level 2. HP: 24/24 MP: 2/2
  1184 | D:2      | Reached XP level 3. HP: 17/29 MP: 3/3
  1567 | D:2      | Reached skill level 1 in Dodging
  1633 | D:2      | Found a bloodstained altar of Trog.
  1915 | D:2      | Found Bunaxt's Armour Emporium.
  2040 | D:3      | Noticed Ijyb
  2050 | D:3      | Killed Ijyb
  2051 | D:3      | Gained mutation: A meltable shield of frost defends you.
                  | (SH +0) [demonic ancestry]
  2051 | D:3      | Reached XP level 4. HP: 19/35 MP: 4/4
  2222 | D:3      | Noticed Sigmund
  2265 | D:3      | Killed from afar by Sigmund

Illustrated notes

Levels and vault maps discovered:
D:1:      tarquinn_simple_flora_water_a, layout_basic, basic_ecumenical_altar
D:2:      layout_rooms, basic_altar, serial_shops, shop
D:3:      layout_basic, gammafunk_temple_overflow_pools, uniq_grinder,
          uniq_sigmund, uniq_ijyb

Skill      XL: |  1  2  3 |
---------------+----------+-----
Long Blades    | 2 |  2.7
Shields        | 3 |  3.1
Dodging        | 1 |  1.2
Armour         | 3 |  3.1
Fighting       | |  3.3
Stealth        | |  0.1

Action                   |  1- 3 |  4- 6 || total
-------------------------+-------+-------++-------
Melee: Long sword        |    47 |       ||    47
       Demon blade       |    68 |    16 ||    84
Evoke: Wand              |       |     1 ||     1
  Use: Potion            |       |     1 ||     1
Armor: Scale mail        |    58 |       ||    58
       Chain mail        |       |    12 ||    12
Dodge: Dodged            |    58 |     3 ||    61
Block: Buckler           |    26 |     4 ||    30
